Workbook

Sheet Instruções
A1: LusaSeed — Mapa Anual de Despesas Familiares
A4: Organiza as despesas da família, acompanha cada mês e vê automaticamente o total anual.
A6: Como utilizar
A7: 1. | B7: Abre o separador “Despesas”.
A8: 2. | B8: Introduz em cada mês o total gasto em cada item. Usa apenas números; por exemplo, 125,50.
A9: 3. | B9: A coluna “Total anual” soma automaticamente os 12 meses.
A10: 4. | B10: O separador “Resumo” agrega automaticamente as despesas por categoria e por mês.
A11: 5. | B11: Podes acrescentar valores a qualquer momento e guardar uma cópia por ano.
A12: 6. | B12: Para ítens com várias despesas numa célula faz assim : =10+20+33 na celula para ir somando o total, ou seja, tem que começar com um = no inicio da celula
A13: 7. | B13: Define o dia da semana em que vais atualizar o dados e faz isso todas as semanas. Eu faço sempre à sexta-feira ou sábado para verificar gastos e confirmar todas as tansações no banco.
A14: Nota | B14: As linhas de “Poupança e objetivos” são incluídas para acompanhar saídas do orçamento familiar, embora poupança e investimento não sejam consumo.
A15: Compatibilidade | B15: Ficheiro .xlsx preparado com fórmulas simples para Microsoft Excel, Google Sheets e aplicações compatíveis com XLSX.
A16: LusaSeed | B16: Conteúdo educativo. Adapta as categorias à realidade do teu agregado familiar.

Sheet Despesas
A1: LusaSeed — Registo Mensal de Despesas
A4: Categoria | B4: Despesa | C4: Janeiro | D4: Fevereiro | E4: Março | F4: Abril | G4: Maio | H4: Junho | I4: Julho | J4: Agosto | K4: Setembro | L4: Outubro | M4: Novembro | N4: Dezembro | O4: Total anual
A5: Habitação | B5: Renda / prestação da casa | O5: =SUM(C5:N5) -> 0
A6: Habitação | B6: Condomínio | O6: =SUM(C6:N6) -> 0
A7: Habitação | B7: IMI | O7: =SUM(C7:N7) -> 0
A8: Habitação | B8: Manutenção e reparações | O8: =SUM(C8:N8) -> 0
A9: Habitação | B9: Mobiliário e equipamentos | O9: =SUM(C9:N9) -> 0
A10: Habitação | B10: Limpeza / produtos para casa | O10: =SUM(C10:N10) -> 0
A11: Habitação | B11: Outras despesas de habitação | O11: =SUM(C11:N11) -> 0
A12: Água, energia e serviços | B12: Eletricidade | O12: =SUM(C12:N12) -> 0
A13: Água, energia e serviços | B13: Gás | O13: =SUM(C13:N13) -> 0
A14: Água, energia e serviços | B14: Água | O14: =SUM(C14:N14) -> 0
A15: Água, energia e serviços | B15: Resíduos / taxas municipais | O15: =SUM(C15:N15) -> 0
A16: Água, energia e serviços | B16: Outros serviços domésticos | O16: =SUM(C16:N16) -> 0
... A90: Outras despesas | B90: Outras despesas | O90: =SUM(C90:N90) -> 0
A92: TOTAL GERAL | C92: =SUM(C5:C90) -> 0 | D92: =SUM(D5:D90) -> 0 | E92: =SUM(E5:E90) -> 0 | F92: =SUM(F5:F90) -> 0 | G92: =SUM(G5:G90) -> 0 | H92: =SUM(H5:H90) -> 0 | I92: =SUM(I5:I90) -> 0 | J92: =SUM(J5:J90) -> 0 | ... O92: =SUM(O5:O90) -> 0

Sheet Resumo
A1: LusaSeed — Resumo Anual das Despesas
A4: Categoria | B4: Janeiro | C4: Fevereiro | D4: Março | E4: Abril | F4: Maio | G4: Junho | H4: Julho | I4: Agosto | J4: Setembro | K4: Outubro | L4: Novembro | M4: Dezembro | N4: Total anual
A5: Habitação | B5: =SUM(Despesas!C5:C11) -> 0 | C5: =SUM(Despesas!D5:D11) -> 0 | D5: =SUM(Despesas!E5:E11) -> 0 | E5: =SUM(Despesas!F5:F11) -> 0 | F5: =SUM(Despesas!G5:G11) -> 0 | G5: =SUM(Despesas!H5:H11) -> 0 | H5: =SUM(Despesas!I5:I11) -> 0 | I5: =SUM(Despesas!J5:J11) -> 0 | ... M5: =SUM(Despesas!N5:N11) -> 0 | N5: =SUM(B5:M5) -> 0
A6: Água, energia e serviços | B6: =SUM(Despesas!C12:C16) -> 0 | C6: =SUM(Despesas!D12:D16) -> 0 | D6: =SUM(Despesas!E12:E16) -> 0 | E6: =SUM(Despesas!F12:F16) -> 0 | F6: =SUM(Despesas!G12:G16) -> 0 | G6: =SUM(Despesas!H12:H16) -> 0 | H6: =SUM(Despesas!I12:I16) -> 0 | I6: =SUM(Despesas!J12:J16) -> 0 | ... M6: =SUM(Despesas!N12:N16) -> 0 | N6: =SUM(B6:M6) -> 0
A7: Alimentação | B7: =SUM(Despesas!C17:C22) -> 0 | C7: =SUM(Despesas!D17:D22) -> 0 | D7: =SUM(Despesas!E17:E22) -> 0 | E7: =SUM(Despesas!F17:F22) -> 0 | F7: =SUM(Despesas!G17:G22) -> 0 | G7: =SUM(Despesas!H17:H22) -> 0 | H7: =SUM(Despesas!I17:I22) -> 0 | I7: =SUM(Despesas!J17:J22) -> 0 | ... M7: =SUM(Despesas!N17:N22) -> 0 | N7: =SUM(B7:M7) -> 0
A8: Transportes | B8: =SUM(Despesas!C23:C34) -> 0 | C8: =SUM(Despesas!D23:D34) -> 0 | D8: =SUM(Despesas!E23:E34) -> 0 | E8: =SUM(Despesas!F23:F34) -> 0 | F8: =SUM(Despesas!G23:G34) -> 0 | G8: =SUM(Despesas!H23:H34) -> 0 | H8: =SUM(Despesas!I23:I34) -> 0 | I8: =SUM(Despesas!J23:J34) -> 0 | ... M8: =SUM(Despesas!N23:N34) -> 0 | N8: =SUM(B8:M8) -> 0
A9: Saúde | B9: =SUM(Despesas!C35:C41) -> 0 | C9: =SUM(Despesas!D35:D41) -> 0 | D9: =SUM(Despesas!E35:E41) -> 0 | E9: =SUM(Despesas!F35:F41) -> 0 | F9: =SUM(Despesas!G35:G41) -> 0 | G9: =SUM(Despesas!H35:H41) -> 0 | H9: =SUM(Despesas!I35:I41) -> 0 | I9: =SUM(Despesas!J35:J41) -> 0 | ... M9: =SUM(Despesas!N35:N41) -> 0 | N9: =SUM(B9:M9) -> 0
A10: Filhos e educação | B10: =SUM(Despesas!C42:C49) -> 0 | C10: =SUM(Despesas!D42:D49) -> 0 | D10: =SUM(Despesas!E42:E49) -> 0 | E10: =SUM(Despesas!F42:F49) -> 0 | F10: =SUM(Despesas!G42:G49) -> 0 | G10: =SUM(Despesas!H42:H49) -> 0 | H10: =SUM(Despesas!I42:I49) -> 0 | I10: =SUM(Despesas!J42:J49) -> 0 | ... M10: =SUM(Despesas!N42:N49) -> 0 | N10: =SUM(B10:M10) -> 0
A11: Seguros | B11: =SUM(Despesas!C50:C53) -> 0 | C11: =SUM(Despesas!D50:D53) -> 0 | D11: =SUM(Despesas!E50:E53) -> 0 | E11: =SUM(Despesas!F50:F53) -> 0 | F11: =SUM(Despesas!G50:G53) -> 0 | G11: =SUM(Despesas!H50:H53) -> 0 | H11: =SUM(Despesas!I50:I53) -> 0 | I11: =SUM(Despesas!J50:J53) -> 0 | ... M11: =SUM(Despesas!N50:N53) -> 0 | N11: =SUM(B11:M11) -> 0
A12: Créditos e dívidas | B12: =SUM(Despesas!C54:C56) -> 0 | C12: =SUM(Despesas!D54:D56) -> 0 | D12: =SUM(Despesas!E54:E56) -> 0 | E12: =SUM(Despesas!F54:F56) -> 0 | F12: =SUM(Despesas!G54:G56) -> 0 | G12: =SUM(Despesas!H54:H56) -> 0 | H12: =SUM(Despesas!I54:I56) -> 0 | I12: =SUM(Despesas!J54:J56) -> 0 | ... M12: =SUM(Despesas!N54:N56) -> 0 | N12: =SUM(B12:M12) -> 0
A13: Comunicações e subscrições | B13: =SUM(Despesas!C57:C62) -> 0 | C13: =SUM(Despesas!D57:D62) -> 0 | D13: =SUM(Despesas!E57:E62) -> 0 | E13: =SUM(Despesas!F57:F62) -> 0 | F13: =SUM(Despesas!G57:G62) -> 0 | G13: =SUM(Despesas!H57:H62) -> 0 | H13: =SUM(Despesas!I57:I62) -> 0 | I13: =SUM(Despesas!J57:J62) -> 0 | ... M13: =SUM(Despesas!N57:N62) -> 0 | N13: =SUM(B13:M13) -> 0
A14: Despesas pessoais | B14: =SUM(Despesas!C63:C67) -> 0 | C14: =SUM(Despesas!D63:D67) -> 0 | D14: =SUM(Despesas!E63:E67) -> 0 | E14: =SUM(Despesas!F63:F67) -> 0 | F14: =SUM(Despesas!G63:G67) -> 0 | G14: =SUM(Despesas!H63:H67) -> 0 | H14: =SUM(Despesas!I63:I67) -> 0 | I14: =SUM(Despesas!J63:J67) -> 0 | ... M14: =SUM(Despesas!N63:N67) -> 0 | N14: =SUM(B14:M14) -> 0
A15: Lazer e vida social | B15: =SUM(Despesas!C68:C74) -> 0 | C15: =SUM(Despesas!D68:D74) -> 0 | D15: =SUM(Despesas!E68:E74) -> 0 | E15: =SUM(Despesas!F68:F74) -> 0 | F15: =SUM(Despesas!G68:G74) -> 0 | G15: =SUM(Despesas!H68:H74) -> 0 | H15: =SUM(Despesas!I68:I74) -> 0 | I15: =SUM(Despesas!J68:J74) -> 0 | ... M15: =SUM(Despesas!N68:N74) -> 0 | N15: =SUM(B15:M15) -> 0
A16: Animais de estimação | B16: =SUM(Despesas!C75:C79) -> 0 | C16: =SUM(Despesas!D75:D79) -> 0 | D16: =SUM(Despesas!E75:E79) -> 0 | E16: =SUM(Despesas!F75:F79) -> 0 | F16: =SUM(Despesas!G75:G79) -> 0 | G16: =SUM(Despesas!H75:H79) -> 0 | H16: =SUM(Despesas!I75:I79) -> 0 | I16: =SUM(Despesas!J75:J79) -> 0 | ... M16: =SUM(Despesas!N75:N79) -> 0 | N16: =SUM(B16:M16) -> 0
A17: Impostos e encargos | B17: =SUM(Despesas!C80:C82) -> 0 | C17: =SUM(Despesas!D80:D82) -> 0 | D17: =SUM(Despesas!E80:E82) -> 0 | E17: =SUM(Despesas!F80:F82) -> 0 | F17: =SUM(Despesas!G80:G82) -> 0 | G17: =SUM(Despesas!H80:H82) -> 0 | H17: =SUM(Despesas!I80:I82) -> 0 | I17: =SUM(Despesas!J80:J82) -> 0 | ... M17: =SUM(Despesas!N80:N82) -> 0 | N17: =SUM(B17:M17) -> 0
A18: Poupança e objetivos | B18: =SUM(Despesas!C83:C86) -> 0 | C18: =SUM(Despesas!D83:D86) -> 0 | D18: =SUM(Despesas!E83:E86) -> 0 | E18: =SUM(Despesas!F83:F86) -> 0 | F18: =SUM(Despesas!G83:G86) -> 0 | G18: =SUM(Despesas!H83:H86) -> 0 | H18: =SUM(Despesas!I83:I86) -> 0 | I18: =SUM(Despesas!J83:J86) -> 0 | ... M18: =SUM(Despesas!N83:N86) -> 0 | N18: =SUM(B18:M18) -> 0
A19: Outras despesas | B19: =SUM(Despesas!C87:C90) -> 0 | C19: =SUM(Despesas!D87:D90) -> 0 | D19: =SUM(Despesas!E87:E90) -> 0 | E19: =SUM(Despesas!F87:F90) -> 0 | F19: =SUM(Despesas!G87:G90) -> 0 | G19: =SUM(Despesas!H87:H90) -> 0 | H19: =SUM(Despesas!I87:I90) -> 0 | I19: =SUM(Despesas!J87:J90) -> 0 | ... M19: =SUM(Despesas!N87:N90) -> 0 | N19: =SUM(B19:M19) -> 0
A21: TOTAL GERAL | B21: =SUM(B5:B19) -> 0 | C21: =SUM(C5:C19) -> 0 | D21: =SUM(D5:D19) -> 0 | E21: =SUM(E5:E19) -> 0 | F21: =SUM(F5:F19) -> 0 | G21: =SUM(G5:G19) -> 0 | H21: =SUM(H5:H19) -> 0 | I21: =SUM(I5:I19) -> 0 | ... N21: =SUM(N5:N19) -> 0
A24: Indicadores do ano
A25: Despesa anual total | B25: =N21 -> 0
A26: Média mensal | B26: =N21/12 -> 0
A27: Mês com maior despesa | B27: =INDEX(B4:M4,1,MATCH(MAX(B21:M21),B21:M21,0)) -> Janeiro
